 Dungeon Crawl Stone Soup version 0.17.0-28-g6e173f8 (webtiles) character file.

70 PossumBlood the Magician (level 4, -3/27 HPs)
             Began as a High Elf Wizard on Nov 25, 2015.
             Slain by a gnoll (4 damage)
             ... on level 3 of the Dungeon.
             The game lasted 00:07:39 (1971 turns).

PossumBlood the Magician (High Elf Wizard)          Turns: 1971, Time: 00:07:39

Health: -3/27      AC:  3    Str:  6    XL:     4   Next: 4%
Magic:  11/11      EV: 12    Int: 23    God:
Gold:   75         SH:  0    Dex: 13    Spells: 2 memorised, 9 levels left

rFire  . . .     SeeInvis .     o - +2 whip (venom)
rCold  . . .     Clarity  .     a - +0 robe
rNeg   . . .     SustAt   .     (no shield)
rPois  .         Gourm    .     b - +0 hat
rElec  .         Spirit   .     (no cloak)
rCorr  .         Warding  .     (no gloves)
rMut   .         Stasis   .     g - +0 pair of boots
MR     .....                    (no amulet)
Stlth  ++........               (no ring)
                                (no ring)

@: not resistant to hostile enchantments, unstealthy
A: no striking features
a: no special abilities


You were on level 3 of the Dungeon.
You were not hungry.

You visited 1 branch of the dungeon, and saw 3 of its levels.

You collected 75 gold pieces.

Inventory:

Hand Weapons
 h - a +0 dagger
 o - a +2 whip of venom (weapon)
Armour
 a - a +0 robe (worn)
 b - a +0 hat (worn)
 g - a +0 pair of boots (worn)
Jewellery
 j - a cursed -2 ring of protection {unknown}
Scrolls
 l - 2 scrolls of identify
 q - a scroll of random uselessness {unknown}
Potions
 e - 2 potions of might
 m - 2 potions of magic {unknown}
 n - 2 potions of poison {unknown}
 p - a potion of mutation {unknown}
Books
 c - a book of Minor Magic

   Spells                             Type                      Level
   a - Magic Dart                     Conjuration                  1
   b - Blink                          Translocation                2
   c - Call Imp                       Summoning                    2
   d - Repel Missiles                 Charms/Air                   2
   e - Slow                           Hexes                        2
   f - Conjure Flame                  Conjuration/Fire             3
   g - Mephitic Cloud                 Conjuration/Poison/Air       3
Comestibles
 d - a meat ration
 f - 3 slices of pizza
 i - a beef jerky
 k - a fruit


   Skills:
 + Level 0.2 Fighting
 + Level 2.5 Dodging
 + Level 2.6 Stealth
 + Level 4.9 Spellcasting
 + Level 1.9 Conjurations
   Level 0.8 Summonings
 + Level 1.1 Translocations


You had 9 spell levels left.
You knew the following spells:

 Your Spells              Type           Power        Failure   Level  Hunger
a - Magic Dart            Conj           ##..         4%          1    None
b - Blink                 Tloc           N/A          12%         2    None


Dungeon Overview and Level Annotations

Branches:
Dungeon (3/15)

Altars:
Fedhas
Gozag
Qazlal


Message History

Found a scroll of teleportation.
The bat hits the plant but does no damage. x2
You hit the fungus.
The fungus is lightly damaged.
The giant gecko bites you.
* * * LOW HITPOINT WARNING * * *
The giant gecko bites you.
* * * LOW HITPOINT WARNING * * *
The giant newt misses you. The giant gecko closely misses you.
The giant newt barely misses you. The giant newt bites you.
* * * LOW HITPOINT WARNING * * *
The bat hits you but does no damage.
You hit the gnoll.
The gnoll is lightly wounded.
The bat misses you. The gnoll closely misses you.
The giant gecko closely misses you.
Something hits the fungus but does no damage.
Something hits the fungus.
The gnoll hits you.
You die...

.%.. ###### ... .....##
... S.....# ..# .....S#
## #.#.# .......g ..#
#.#<# ......#. ...#.#.#
#####... .#.#.#@## ##
#... ....#g.# .####...
#..#l### . ......###
####Sggg..#....
........###.......PPP....
###.........##..#P.PPP...
# #.....### ##...PP_PP.?.
###......####..##PP.PP...
........S..##..##.P......


You could see 2 gnolls, an adder, a giant gecko and a hobgoblin.

Vanquished Creatures
  2 adders (D:2)
  An ooze (D:2)
  2 worms
  A giant gecko (D:1)
  A ball python (D:2)
  6 bats
  A giant cockroach (D:1)
  7 hobgoblins
  4 kobolds
  A giant newt (D:1)
  6 goblins
  2 jackals (D:2)
  6 rats
  A plant (D:1)
41 creatures vanquished.

Notes
Turn   | Place    | Note
--------------------------------------------------------------
     0 | D:1      | PossumBlood the High Elf Wizard began the quest for the Orb.
     0 | D:1      | Reached XP level 1. HP: 11/11 MP: 6/6
   151 | D:1      | Reached skill level 4 in Spellcasting
   151 | D:1      | Reached XP level 2. HP: 17/17 MP: 0/8
   436 | D:1      | Learned a level 2 spell: Blink
  1193 | D:2      | Reached XP level 3. HP: 21/21 MP: 2/9
  1300 | D:2      | Found a stormy altar of Qazlal.
  1555 | D:2      | Found an opulent altar of Gozag.
  1763 | D:2      | Reached XP level 4. HP: 27/27 MP: 8/11
  1901 | D:3      | Noticed a giant frog
  1959 | D:3      | Found a blossoming altar of Fedhas.
  1968 | D:3      | HP: 1/27 [giant newt (3)]
  1971 | D:3      | Slain by a gnoll

Action                   |  1- 3 |  4- 6 || total
-------------------------+-------+-------++-------
Melee: Dagger            |   169 |       ||   169
       Whip              |       |     2 ||     2
 Cast: Magic Dart        |    97 |    11 ||   108
  Use: Scroll            |     2 |     1 ||     3
  Eat: Bread ration      |     1 |       ||     1
